 Dungeon Crawl Stone Soup version 0.30-a0-793-g160f7cfddd (webtiles) character file.

Game seed: 471069939020439983

54 Farfigtubin the Sneak (level 4, 0/27 HPs)
             Began as a Kobold Brigand on Feb 19, 2023.
             Succumbed to an adder's poison
             ... in a sewer.
             The game lasted 00:08:04 (873 turns).

Farfigtubin the Sneak (Kobold Brigand)               Turns: 873, Time: 00:08:05

Health: 0/27       AC:  3    Str:  8    XL:     4   Next: 12%
Magic:  4/4        EV: 14    Int: 12    God:
Gold:   31         SH:  0    Dex: 18    Spells: 3/3 levels left

rFire   . . .      SeeInvis .    a - +2 dagger
rCold   . . .      Faith    .    (no shield)
rNeg    . . .      Spirit   .    b - +0 robe
rPois   .          Reflect  .    (no helmet)
rElec   .          Harm     .    c - +0 cloak
rCorr   .          Rampage  .    (no gloves)
Will    .....                    (no boots)
Stlth   ++++                     (no amulet)
HPRegen 0.24/turn                (no ring)
MPRegen 0.09/turn                (no ring)

@: lethally poisoned (0 -> -3)
A: small, no large weapons, nightstalker 3
a: no special abilities


You were in a sewer.
You visited 1 branch of the dungeon, and saw 3 of its levels.
You also visited: Sewer.

You collected 31 gold pieces.

Inventory:

Hand Weapons
 a - a +2 dagger (weapon)
Missiles
 d - 9 poisoned darts (quivered)
 e - 3 curare-tipped darts
 f - 10 stones
 h - a throwing net
Armour
 b - a +0 robe (worn)
 c - a +0 cloak (worn)
Scrolls
 g - 2 scrolls of identify {unknown}
 j - a scroll of vulnerability {unknown}
Potions
 i - a potion of magic {unknown}


   Skills:
 + Level 2.9 Fighting
 * Level 3.7 Short Blades
 - Level 2.1 Throwing
 - Level 1.2 Dodging
 + Level 6.3 Stealth


You had 3 spell levels left.
You didn't know any spells.
Your spell library contained the following spells:

 Spells                   Type           Power      Damage    Failure   Level
 Necrotise                Necr           0%         1d4       32%         1
 Vampiric Draining        Necr           0%         2d6       69%         3
 Agony                    Necr           0%         N/A       100%        5


Dungeon Overview and Level Annotations

Branches:
Dungeon (3/15)              Sewer (1/1)

Altars:

Annotations:
D:2 Natasha


Innate Abilities, Weirdness & Mutations

You are small and have problems with some larger weapons.
You are completely attuned to the shadows.


Message History

You impale the ball python!!
You kill the ball python!
The river rat bites you but does no damage.
The rat barely misses you. The river rat attacks as you move away!
The river rat completely misses you.
You see here a ball python corpse.
You kill the river rat!
You have reached level 4!
The adder bites you but does no damage. The adder attacks as you move away!
The adder closely misses you.
Throw: 10 darts (poison)
Press: ? - help, Q - select action, (/) - cycle Shift-Dir - straight line, f - adder
Aim: an adder (46% to hit)
You throw a poisoned dart.
The poisoned dart closely misses the adder.
The poisoned dart hits the rat.
The rat is poisoned.
The adder bites you.
You are poisoned.
The adder poisons you! The adder attacks as you move away! The adder bites you.
You are more poisoned.
The adder poisons you!
* * * LOW HITPOINT WARNING * * *
You feel sick. The adder attacks as you move away!
The adder bites you but does no damage.
* * * LOW HITPOINT WARNING * * *
You feel sick. The adder bites you.
* * * LOW HITPOINT WARNING * * *
* * * LOW HITPOINT WARNING * * *
You feel sick.
There is a lethal amount of poison in your body!
There is a lethal amount of poison in your body!
You hit the adder.
The adder is lightly wounded.
* * * LOW HITPOINT WARNING * * *
You feel sick. The adder bites you.
* * * LOW HITPOINT WARNING * * *
You closely miss the adder.
The adder is lightly wounded.
You die...

~≈≈~≈....~~.~~..........~.~..≈~≈≈
≈≈≈≈≈~≈~≈~≈~≈~≈~........~.≈~~~≈≈≈
≈≈≈≈≈≈≈≈≈≈≈≈≈≈≈≈~...~.†≈≈~≈≈≈≈≈≈≈
≈≈≈≈≈≈≈~~≈~~~≈~≈≈≈≈≈≈≈≈≈≈
≈≈≈≈≈≈~≈≈~~≈~~~≈~≈~≈≈
≈≈~~≈~≈~....~..~~~≈≈
##~~...~..........~~
##...............##..
##.....##(.@.....##
.......###Sl.....##
.....†###r.(........
####.(...S..####.... ##..(..###
##..# ####### ###


You could see 2 adders, a frilled lizard and a rat (poisoned).

Vanquished Creatures
  A gnoll (D:2)
  A river rat (Sewer)
  A dart slug (D:2)
  4 bats
  2 endoplasms
  A giant cockroach (D:3)
  A quokka (D:3)
  6 ball pythons
  2 frilled lizards
  A goblin (D:3)
  5 kobolds
  14 rats
39 creatures vanquished.

Notes
Turn   | Place    | Note
-------+----------+-------------------------------------------
     0 | D:1      | Farfigtubin the Kobold Brigand began the quest for the Orb.
     0 | D:1      | Reached XP level 1. HP: 12/12 MP: 1/1
   252 | D:2      | Reached XP level 2. HP: 4/18 MP: 2/2
   343 | D:2      | Noticed Natasha
   458 | D:2      | Reached skill level 6 in Stealth
   458 | D:2      | Reached XP level 3. HP: 22/22 MP: 3/3
   595 | D:3      | Found a faded altar of an unknown god.
   636 | D:3      | Found a glowing drain.
   640 | Sewer    | Entered a sewer
   866 | Sewer    | Reached XP level 4. HP: 13/27 MP: 4/4
   872 | Sewer    | HP: 1/27 [adder (1)]
   873 | Sewer    | Succumbed to an adder's poison

Illustrated notes

Levels and vault maps discovered:
D:1:      kilobyte_arrival_exit_the_forest, layout_loops_cross
D:2:      layout_rooms, kennysheep_generic_room_9, uniq_natasha
D:3:      layout_rooms, gup_sewer_entry_bowl, hellmonk_ecumenical_altar_run_dry
Sewer:    sewer_minmay_treatment

Skill      XL: |  1  2 |
---------------+-------+-----
Short Blades   | 3 |  3.7
Stealth        | 6 |  6.3
Fighting       | |  2.9
Throwing       | |  2.1
Dodging        | |  1.2

Action                     |  1- 3 |  4- 6 || total
---------------------------+-------+-------++-------
  Melee: Dagger            |    69 |     2 ||    71
  Throw: Dart              |     3 |     1 ||     4
   Stab: Sleeping          |    21 |       ||    21
         Distracted        |     1 |       ||     1
 Armour: Robe              |    17 |     2 ||    19
  Dodge: Dodged            |    32 |     1 ||    33

Table legend: (Time is in decaauts)
 A = Elapsed time spent in this place.
 B = Non-inter-level travel time spent in this place.
 C = Inter-level travel time spent in this place.
 D = Time resting spent in this place.
 E = Time spent auto-exploring this place.
 F = Levels seen in this place.
 G = Mean time per level.
                   A        B        C        D        E       F      G
               +--------+--------+--------+--------+--------+-----+--------+
         Total |    872 |    872 |      0 |     69 |      0 |   4 |  218.0 |
       Dungeon |    638 |    638 |      0 |     56 |      0 |   3 |  212.7 |
         Sewer |    233 |    233 |      0 |     13 |      0 |   1 |  233.0 |
               +--------+--------+--------+--------+--------+-----+--------+

Top non-repeatable levels by time:
     D:2: 331 daAuts
   Sewer: 233 daAuts
     D:1: 157 daAuts
     D:3: 149 daAuts
